Map: Rhoskallian LE

Players

Massa - Winner!

  • Race: Terran Terran
  • League: Gold
  • Spawn Location: 6:00

qqq - Winner!

  • Race: Protoss Protoss
  • Spawn Location: 5:00

CTFletcher

  • Race: Zerg Zerg
  • League: Diamond
  • Spawn Location: 11:00

Iro

  • Race: Protoss Protoss
  • League: Platinum
  • Spawn Location: 12:00

VOD

Have the link to the VOD?

Description

Time

  • Played on: July 4, 2020, 9:21 a.m.
  • Length: 13:17
Show
View Real Time Build Order
Export as new Build Order

Massa Terran - Winner!

Build Orders: Gas First Reaper Expand 

Get SALT Encoding   

  12  0:02  SCV  
  13  0:18  SCV  
  13  0:19  Supply Depot  
  14  0:29  Refinery  
  14  0:30  SCV  
  15  0:43  Barracks  
  15  0:46  SCV  
  16  0:58  SCV  
  17  1:10  SCV  
  18  1:22  SCV  
  19  1:30  Reaper  
  20  1:38  Command Center  
  20  1:40  SCV  
  21  2:02  Reaper  
  21  2:08  SCV  
  23  2:15  Supply Depot  
  23  2:17  Supply Depot  
  23  2:36  SCV, Marine  
  25  2:48  SCV  
  26  2:54  Marine  
  27  3:05  Orbital Command  
  26  3:07  Orbital Command  
  26  3:12  Marine  
  27  3:15  Factory, Supply Depot  
  27  3:20  Barracks  
  27  3:29  Marine  
  28  3:38  Supply Depot  
  28  4:01  Factory Tech Lab  
  27  4:10  Barracks Tech Lab, Supply Depot  
  27  4:18  Barracks  
  27  4:21  Factory  
  27  4:26  Siege Tank  
  27  4:28  SCV x2  
  32  4:34  Engineering Bay  
  32  4:35  Engineering Bay  
  32  4:36  Refinery  
  32  4:40  SCV x2  
  34  4:47  Stimpack  
  35  4:52  SCV  
  35  4:53  SCV  
  36  5:04  SCV  
  36  5:05  SCV  
  38  5:08  Missile Turret  
  38  5:09  Barracks Tech Lab  
  38  5:14  Missile Turret  
  38  5:17  Missile Turret  
  38  5:23  Missile Turret  
  38  5:26  Terran Infantry Weapons Level 1  
  38  5:29  Factory Tech Lab  
  38  5:31  Concussive Shells  
  38  5:38  Marine x3  
  38  5:39  Refinery  
  41  5:53  Command Center  
  41  5:55  SCV  
  41  5:56  SCV, Marine x3  
  46  6:08  SCV  
  47  6:14  Marine x3  
  47  6:31  Marine  
  47  6:32  Marauder x2  
  51  6:43  SCV x2  
  53  6:49  Marine  
  53  6:54  Marauder x2  
  58  6:55  SCV x2  
  60  7:05  Sensor Tower  
  60  7:07  Marine  
  61  7:09  Missile Turret  
  61  7:12  Starport  
  61  7:15  Marauder x2  
  65  7:16  Terran Infantry Armor Level 1  
  65  7:25  Marine  
  66  7:31  Missile Turret  
  66  7:35  Sensor Tower  
  66  7:36  Marauder x2  
  70  7:42  SCV  
  70  7:43  SCV  
  72  7:52  Medivac  
  72  7:54  SCV  
  72  7:55  SCV  
  72  7:58  Marauder x2  
  80  8:07  SCV x2, Combat Shield  
  80  8:11  Widow Mine x2  
  86  8:19  SCV x2  
  88  8:26  SCV  
  89  8:31  SCV x2, Missile Turret  
  91  8:37  Sensor Tower  
  92  8:42  Planetary Fortress  
  92  8:43  SCV x2  
  93  8:52  Missile Turret  
  93  8:57  Supply Depot  
  93  8:58  Supply Depot x2  
  93  8:59  Supply Depot  
  93  9:14  Missile Turret  
  93  9:19  SCV x2, Marauder, Medivac  
  93  9:20  Marauder  
  101  9:28  Barracks Reactor  
  101  9:31  SCV x2  
  101  9:35  Refinery  
  103  9:40  Marine x2  
  103  9:43  SCV  
  106  9:47  Command Center  
  106  9:58  Marine x2  
  108  10:16  Marine x2  
  104  10:21  Medivac  
  104  10:26  Marine  
  104  10:27  Marine  
  108  10:31  Missile Turret  
  108  10:34  Marauder x2  
  112  10:36  SCV x3  
  115  10:43  Siege Tank x2  
  115  10:44  Marine x2  
  115  10:48  SCV x2  
  125  10:52  Armory  
  125  10:58  SCV  
  125  10:59  Marauder x2  
  125  11:00  SCV x2  
  125  11:02  Marine x2  
  134  11:10  SCV, Planetary Fortress  
  135  11:12  SCV x2  
  135  11:15  Siege Tank  
  140  11:20  Refinery  
  140  11:24  Refinery  
  140  11:29  Supply Depot x2  
  140  11:30  Supply Depot  
  140  11:49  Armory  
  140  11:50  SCV x3, Marine, Medivac, Siege Tank  
  140  11:51  Marauder x2  
  140  11:52  Supply Depot  
  140  11:53  Supply Depot  
  153  11:55  Supply Depot  
  153  11:58  SCV  
  154  12:02  SCV x3  
  157  12:10  SCV  
  157  12:12  Marauder x2  
  157  12:14  SCV x3  
  165  12:20  Medivac  
  167  12:41  Command Center  
  165  12:52  Command Center  
  133  13:01  Command Center  
Show
View Real Time Build Order
Export as new Build Order

qqq Protoss - Winner!

Build Orders: Carriers 

Get SALT Encoding   

  12  0:01  Probe  
  13  0:17  Pylon  
  13  0:19  Probe  
  14  0:31  Probe  
  14  0:35  Pylon  
  15  0:48  Forge  
  15  0:59  Pylon  
  15  1:15  Pylon  
  15  1:22  Photon Cannon  
  15  1:27  Pylon  
  15  1:39  Probe  
  16  1:51  Probe  
  17  1:58  Photon Cannon  
  17  2:03  Probe  
  17  2:07  Photon Cannon  
  18  2:15  Probe  
  19  2:27  Probe, Gateway  
  20  2:31  Assimilator  
  20  2:37  Assimilator  
  20  2:40  Probe  
  21  2:45  Photon Cannon  
  21  3:12  Nexus  
  21  3:16  Probe  
  22  3:28  Probe  
  23  3:41  Probe  
  24  3:50  Cybernetics Core  
  24  4:00  Cybernetics Core  
  24  4:24  Probe  
  24  4:28  Assimilator  
  25  4:34  Assimilator  
  25  4:36  Probe  
  25  4:37  Stargate  
  26  4:40  Stargate  
  26  4:48  Probe  
  27  4:55  Nexus  
  27  5:00  Probe  
  28  5:12  Probe  
  29  5:18  Protoss Air Weapons Level 1  
  29  5:20  Probe  
  29  5:25  Phoenix  
  29  5:27  Phoenix  
  29  5:28  Probe  
  35  5:39  Probe  
  36  5:50  Phoenix  
  36  5:51  Probe  
  36  5:52  Phoenix  
  41  6:03  Probe  
  42  6:06  Stargate  
  42  6:09  Pylon  
  42  6:15  Probe, Phoenix  
  45  6:36  Phoenix  
  45  6:38  Probe  
  45  6:39  Probe  
  49  6:40  Phoenix  
  51  6:51  Probe x2  
  53  7:01  Phoenix  
  55  7:03  Probe  
  55  7:05  Fleet Beacon  
  56  7:12  Probe  
  56  7:15  Probe  
  58  7:19  Phoenix  
  60  7:27  Protoss Air Armor Level 1  
  60  7:31  Probe x2  
  60  7:35  Pylon  
  62  7:41  Phoenix  
  62  7:43  Probe x2  
  66  7:55  Probe x2  
  64  8:07  Probe x2  
  66  8:14  Phoenix x2  
  66  8:16  Carrier  
  76  8:20  Probe  
  76  8:25  Photon Cannon  
  77  8:31  Photon Cannon  
  77  8:33  Assimilator  
  77  8:42  Pylon  
  77  8:44  Pylon  
  77  8:50  Pylon  
  77  8:52  Anion Pulse-Crystals, Pylon  
  77  8:55  Pylon  
  77  9:00  Probe x2  
  79  9:09  Carrier  
  85  9:12  Probe x2  
  85  9:13  Carrier  
  93  9:21  Assimilator  
  93  9:24  Probe  
  94  9:35  Nexus  
  94  9:36  Probe  
  94  9:37  Pylon  
  95  9:39  Phoenix  
  97  9:48  Probe  
  98  10:00  Probe  
  98  10:04  Carrier, Protoss Air Weapons Level 2  
  105  10:30  Carrier  
  111  10:36  Mothership  
  111  10:38  Phoenix  
  111  10:39  Probe  
  122  10:48  Photon Cannon  
  122  10:50  Photon Cannon  
  122  10:51  Probe x2  
  122  10:52  Assimilator  
  122  10:56  Assimilator  
  124  11:03  Probe x2, Carrier  
  132  11:08  Shield Battery  
  132  11:12  Pylon  
  132  11:14  Carrier  
  132  11:15  Probe x2  
  140  11:30  Probe x2, Pylon  
  140  11:32  Pylon  
  142  11:37  Pylon  
  142  11:40  Pylon  
  142  11:42  Probe, Pylon  
  142  11:43  Pylon  
  143  11:49  Pylon  
  143  11:54  Probe  
  143  11:58  Tempest  
  143  11:59  Pylon  
  149  12:06  Probe  
  149  12:07  Phoenix  
  152  12:09  Pylon  
  152  12:17  Pylon  
  152  12:18  Probe  
  159  12:30  Probe  
Show
View Real Time Build Order
Export as new Build Order

CTFletcher Zerg 

Build Orders: Pool First, Roach Nydus 

Get SALT Encoding   

  12  0:01  Drone  
  13  0:12  Drone  
  14  0:25  Overlord  
  14  0:38  Spawning Pool  
  14  0:40  Drone  
  14  0:44  Extractor  
  14  0:47  Drone  
  14  1:09  Drone x3  
  17  1:28  Zergling x2  
  18  1:39  Zergling x2  
  19  1:43  Zergling x2  
  16  2:14  Drone  
  16  2:15  Drone x2  
  18  2:24  Roach Warren  
  18  2:28  Drone  
  18  2:38  Extractor  
  18  2:40  Roach Warren  
  16  2:44  Queen  
  16  2:48  Drone x2  
  20  3:04  Drone  
  21  3:12  Overlord  
  21  3:25  Overlord  
  21  3:35  Lair  
  21  3:36  Roach  
  21  3:41  Roach  
  25  3:57  Roach  
  25  4:02  Ravager x2  
  29  4:04  Roach  
  31  4:10  Overlord  
  31  4:17  Roach x2  
  31  4:18  Ravager  
  31  4:24  Spore Crawler  
  35  4:25  Ravager  
  35  4:28  Drone  
  37  4:43  Drone x4  
  41  4:53  Queen  
  43  5:08  Zergling x2  
  43  5:10  Nydus Network  
  43  5:27  Roach  
  43  5:28  Zergling x2, Overlord  
  46  5:37  Overlord x2  
  46  5:52  Nydus Canal  
  46  6:14  Hatchery  
  35  6:43  Metabolic Boost  
  35  6:50  Baneling Nest  
  35  6:53  Queen  
  36  6:55  Spore Crawler  
  36  6:57  Overlord x3  
  35  7:19  Spore Crawler  
  35  7:20  Zergling x4  
  36  7:46  Zergling x2  
  36  7:47  Zergling x4  
  36  7:50  Spore Crawler x2  
  35  8:10  Zergling x10  
  40  8:24  Zergling x4  
  42  8:29  Drone  
  43  8:40  Drone  
  43  8:41  Drone  
  45  8:47  Drone  
  46  8:57  Baneling x4  
  46  9:01  Drone  
  47  9:07  Drone  
  48  9:11  Drone x2  
  50  9:18  Drone x2  
  52  9:27  Drone  
  52  9:28  Drone x2  
  55  9:34  Drone  
  55  9:35  Drone x2  
  58  9:48  Centrifical Hooks  
  58  9:55  Zergling x2  
  58  9:56  Zergling x8  
  59  10:19  Drone  
  59  10:20  Drone x5  
  65  10:29  Spine Crawler  
  65  10:31  Drone x2  
  66  10:37  Spine Crawler  
  66  10:40  Drone x3  
  68  10:42  Extractor  
  68  10:44  Extractor  
  66  10:57  Evolution Chamber  
  66  10:59  Drone x2, Evolution Chamber  
  66  11:01  Overseer  
  61  11:06  Zergling x12  
  67  11:18  Zergling x10  
  72  11:30  Drone  
  72  11:31  Drone x2  
  72  11:32  Infestation Pit  
  74  11:33  Zergling x4  
  76  11:50  Overseer  
  76  11:56  Zergling x12  
  76  11:59  Baneling x2  
  82  12:14  Zergling x2  
  82  12:15  Zergling x2  
  84  12:16  Overlord x2  
  84  12:17  Overlord  
  84  12:19  Baneling x2  
  84  12:41  Zergling x10  
  84  12:42  Zergling x4  
  77  12:54  Zergling x2  
  77  12:55  Zergling x6  
Show
View Real Time Build Order
Export as new Build Order

Iro Protoss 

Build Orders:  

Get SALT Encoding   

  1  0:00  Probe  
  12  0:06  Probe  
  14  0:24  Pylon  
  14  0:27  Probe  
  15  0:43  Probe  
  15  0:45  Gateway  
  16  0:50  Assimilator  
  16  0:55  Probe  
  17  1:07  Probe  
  18  1:19  Probe  
  19  1:35  Probe  
  19  1:36  Cybernetics Core  
  20  1:43  Probe  
  21  1:48  Forge  
  21  1:51  Probe  
  21  2:01  Probe  
  21  2:13  Probe  
  22  2:17  Pylon  
  22  2:25  Probe  
  22  2:26  Stalker  
  22  2:27  Photon Cannon  
  22  2:28  Assimilator  
  25  2:40  Shield Battery  
  23  3:09  Probe  
  24  3:13  Gateway  
  24  3:21  Probe  
  25  3:31  Stargate  
  25  3:38  Protoss Air Weapons Level 1  
  25  4:15  Void Ray  
  29  4:21  Pylon  
  29  4:24  Pylon  
  29  4:31  Stargate  
  29  4:57  Void Ray  
  33  5:42  Void Ray  
  37  5:43  Nexus  
  37  5:45  Pylon  
  37  5:48  Pylon  
  37  5:53  Void Ray  
  41  6:06  Shield Battery  
  41  6:10  Photon Cannon  
  41  6:17  Shield Battery  
  41  6:20  Shield Battery  
  41  6:25  Shield Battery  
  41  6:27  Photon Cannon  
  41  6:29  Phoenix  
  43  6:32  Photon Cannon  
  43  6:41  Void Ray  
  47  6:56  Probe  
  48  7:02  Pylon  
  48  7:04  Probe  
  49  7:14  Probe  
  50  7:26  Probe  
  50  7:27  Void Ray  
  55  7:33  Phoenix  
  57  7:38  Probe  
  58  7:44  Photon Cannon  
  58  7:50  Probe  
  59  8:09  Void Ray  
  59  8:11  Probe  
  64  8:15  Photon Cannon  
  64  8:16  Assimilator  
  64  8:23  Probe, Assimilator  
  65  8:27  Phoenix  
  67  8:35  Probe  
  68  8:43  Probe  
  69  8:51  Probe  
  69  8:52  Phoenix x2  
  74  8:58  Photon Cannon  
  74  9:02  Probe  
  75  9:12  Probe  
  75  9:13  Gateway  
  75  9:17  Phoenix  
  76  9:19  Protoss Shields Level 1  
  76  9:20  Probe  
  78  9:28  Probe  
  80  9:40  Probe  
  81  9:50  Fleet Beacon  
  81  10:04  Nexus  
  81  10:09  Void Ray  
  82  10:38  Photon Cannon, Flux Vanes  
  82  10:41  Photon Cannon  
  82  10:57  Pylon  
  82  11:04  Pylon  
  82  11:15  Carrier  
  88  11:32  Pylon  
  88  11:36  Anion Pulse-Crystals  
  88  11:38  Carrier  
  94  11:42  Probe  
  95  11:54  Probe  
  96  12:03  Photon Cannon  
  96  12:07  Probe, Pylon  
  97  12:19  Probe  
  104  12:25  Twilight Council  
  98  12:48  Shield Battery  
Tags
 
Add a new tag
Caveats
  • Supply blocks, unpowered buildings, or Contaminate may cause inaccurate times.
  • Supply counts are checked every 10 seconds.